Map: Cerulean Fall LE

Players

Smileblind - Winner!

  • Race: Protoss Protoss
  • League: Silver
  • Spawn Location: 7:00

VOD

Have the link to the VOD?

Description

Time

  • Played on: Jan. 10, 2019, 5:46 p.m.
  • Length: 22:52
Show
View Real Time Build Order
Export as new Build Order

Smileblind Protoss - Winner!

Build Orders:  

Get SALT Encoding   

  12  0:05  Probe (Chrono Boost)  
  14  0:22  Probe (Chrono Boost)  
  14  0:36  Pylon  
  14  0:39  Probe (Chrono Boost)  
  14  0:48  Assimilator  
  15  0:58  Probe (Chrono Boost)  
  15  1:02  Assimilator  
  16  1:14  Probe (Chrono Boost)  
  17  1:22  Gateway  
  17  1:28  Probe (Chrono Boost)  
  18  1:39  Probe (Chrono Boost)  
  19  1:50  Gateway  
  19  1:51  Probe (Chrono Boost)  
  20  2:03  Pylon  
  21  2:11  Probe (Chrono Boost)  
  21  2:28  Probe (Chrono Boost)  
  22  2:45  Probe (Chrono Boost)  
  22  2:47  Gateway  
  23  2:56  Cybernetics Core  
  23  3:23  Nexus  
  23  3:29  Zealot  
  25  3:55  Probe (Chrono Boost)  
  26  4:09  Shield Battery  
  27  4:12  Probe (Chrono Boost)  
  27  4:19  Shield Battery  
  27  4:29  Probe (Chrono Boost)  
  30  4:36  Pylon  
  30  4:46  Probe (Chrono Boost)  
  31  4:59  Stargate, Warp Gate  
  31  5:01  Unknown  
  31  5:03  Probe (Chrono Boost)  
  34  5:16  Sentry  
  39  5:20  Probe (Chrono Boost)  
  40  5:32  Probe (Chrono Boost)  
  40  5:42  Probe (Chrono Boost)  
  40  5:43  Unknown  
  40  5:49  Probe (Chrono Boost)  
  42  5:50  Unknown  
  42  5:55  Twilight Council  
  42  5:59  Probe (Chrono Boost)  
  43  6:06  Probe (Chrono Boost)  
  43  6:09  Assimilator  
  44  6:13  Assimilator  
  44  6:16  Probe (Chrono Boost)  
  45  6:23  Probe (Chrono Boost)  
  45  6:29  Stalker  
  48  6:30  Stalker  
  48  6:31  Stalker  
  48  6:33  Probe (Chrono Boost)  
  53  6:46  Pylon  
  53  6:56  Probe (Chrono Boost)  
  54  7:08  Probe (Chrono Boost)  
  54  7:13  Oracle  
  58  7:22  Forge, Probe (Chrono Boost)  
  58  7:27  Unknown x3  
  59  7:38  Probe (Chrono Boost)  
  60  7:44  Unknown x3  
  56  7:55  Probe (Chrono Boost)  
  51  8:03  Phoenix  
  47  8:29  Zealot x2  
  51  8:30  Zealot  
  52  8:47  Void Ray  
  52  8:48  Probe (Chrono Boost)  
  56  8:59  Probe (Chrono Boost)  
  58  9:13  Stalker, Probe (Chrono Boost)  
  61  9:39  Nexus  
  61  9:46  Pylon  
  61  9:48  Pylon  
  61  9:54  Pylon  
  61  10:01  Charge  
  61  10:11  Void Ray  
  62  10:49  Sentry  
  64  10:51  Sentry  
  64  10:53  Zealot  
  68  11:07  Gateway x2  
  68  11:10  Gateway  
  68  11:15  Photon Cannon, Unknown  
  68  11:16  Photon Cannon  
  68  11:18  Photon Cannon  
  68  11:24  Protoss Air Weapons Level 1  
  68  11:26  Photon Cannon  
  68  11:28  Photon Cannon  
  68  11:29  Shield Battery, Photon Cannon  
  60  11:36  Shield Battery  
  60  11:41  Void Ray  
  60  11:52  Probe (Chrono Boost)  
  61  12:04  Probe (Chrono Boost)  
  61  12:07  Templar Archives  
  62  12:14  Dark Shrine  
  62  12:16  Protoss Ground Weapons Level 1  
  62  12:17  Probe (Chrono Boost)  
  63  12:26  Robotics Facility  
  63  12:34  Probe (Chrono Boost)  
  64  12:41  Void Ray  
  64  12:46  Assimilator  
  69  12:51  Assimilator, Probe (Chrono Boost)  
  69  12:53  Zealot x2  
  69  12:56  Pylon, Zealot  
  69  12:59  Pylon  
  67  13:23  Sentry  
  67  13:24  Sentry  
  67  13:27  High Templar  
  67  13:28  High Templar, Psionic Storm  
  67  13:41  Void Ray  
  67  13:49  Zealot x2  
  75  13:59  Protoss Air Armor Level 1  
  75  14:01  Dark Templar x2  
  79  14:14  Immortal  
  79  14:18  Probe (Chrono Boost)  
  84  14:30  Probe (Chrono Boost)  
  85  14:41  Void Ray  
  85  14:42  Probe (Chrono Boost)  
  85  14:46  Stargate  
  90  14:59  Probe (Chrono Boost)  
  89  15:03  Fleet Beacon  
  89  15:09  Immortal  
  91  15:11  Stalker  
  91  15:13  Stalker  
  91  15:14  Stalker x2  
  91  15:15  Stalker  
  91  15:16  Probe (Chrono Boost)  
  102  15:33  Probe (Chrono Boost)  
  102  15:38  Protoss Ground Weapons Level 2  
  103  15:40  Nexus, Void Ray  
  103  15:42  Pylon  
  103  15:46  Pylon  
  107  16:04  Observer  
  108  16:30  Protoss Air Weapons Level 2  
  108  16:40  Void Ray  
  108  16:44  Pylon  
  108  16:47  Gateway  
  108  16:49  Gateway  
  112  16:52  Gateway  
  112  16:55  Gateway  
  112  17:03  Assimilator  
  112  17:10  Assimilator  
  112  17:14  Stalker  
  112  17:15  Stalker  
  116  17:23  Probe (Chrono Boost)  
  117  17:35  Probe (Chrono Boost)  
  117  17:39  Photon Cannon  
  118  17:40  Void Ray  
  118  17:41  Photon Cannon  
  118  17:45  Shield Battery  
  118  17:48  Probe (Chrono Boost)  
  123  18:05  Probe (Chrono Boost)  
  132  18:19  Void Ray  
  136  18:22  Probe (Chrono Boost)  
  137  18:39  Probe (Chrono Boost)  
  132  18:40  Void Ray  
  132  18:41  Unknown  
  131  18:56  Probe (Chrono Boost)  
  132  19:19  Void Ray  
  140  20:10  Void Ray  
  140  20:18  Void Ray  
  144  20:31  Unknown  
  144  21:10  Void Ray  
  148  21:20  Void Ray  
Tags
 
Add a new tag
Caveats
  • Supply blocks, unpowered buildings, or Contaminate may cause inaccurate times.
  • Supply counts are checked every 10 seconds.